 Dungeon Crawl Stone Soup version 0.19-a0-1111-gcceb26a (webtiles) character file.

11239 rageheart7 the Nimble (level 11, 0/151 HPs)
             Began as a Minotaur Gladiator on Aug 11, 2016.
             Was a High Priest of Okawaru.
             Succumbed to a green ugly thing's poison
             ... on level 11 of the Dungeon.
             The game lasted 00:17:44 (9674 turns).

rageheart7 the Nimble (Minotaur Gladiator)          Turns: 9674, Time: 00:17:44

Health: 0/151      AC: 21    Str: 25    XL:     11   Next: 46%
Magic:  9/11       EV:  2    Int:  5    God:    Okawaru [*****.]
Gold:   655        SH:  0    Dex: 19    Spells: 0 memorised, 10 levels left

rFire  . . .     SeeInvis .     w - +5 scimitar (holy)
rCold  + . .     Gourm    .     (armour currently unavailable)
rNeg   + + +     Faith    .     (no shield)
rPois  +         Spirit   .     (helmet unavailable)
rElec  .         Dismiss  .     (cloak currently unavailable)
rCorr  .         Reflect  .     (gloves currently unavailable)
SustAt +         Harm     .     (boots currently unavailable)
MR     .....     NoTele   +     (no amulet)
Stlth  +++.......               t - ring of sustain attributes
                                h - ring of protection from cold

@: mighty, agile, lethally poisoned (0 -> -17), tree-form (expiring), corroded
A: (retaliatory headbutt), (horns 0), (icy blue scales 0), (molten scales 0),
agile 1, weak 1, (sturdy frame 0)
a: Heroism, Finesse, Renounce Religion


You were on level 11 of the Dungeon.
You worshipped Okawaru.
Okawaru was extremely pleased with you.
You were not hungry.
You were a tree.
You visited 2 branches of the dungeon, and saw 12 of its levels.

You collected 655 gold pieces.

Inventory:

Hand Weapons
 w - a +5 scimitar of holy wrath (weapon)
Missiles
 d - 3 throwing nets (quivered)
 k - 15 tomahawks
 y - 2 silver tomahawks
 D - 4 silver javelins
Armour
 a - the +1 leather armour of Calculation (melded) {rElec Dex+4}
   (You found it on level 8 of the Dungeon)

   It affects your dexterity (+4).
   It insulates you from electricity.
 b - a +2 pair of gloves (melded)
 c - a +0 cloak (melded)
 q - a troll hide
 H - a +0 crystal plate armour
 N - a +0 pair of boots (melded)
Jewellery
 h - a ring of protection from cold (left branch)
 i - an uncursed amulet of the gourmand
 t - a ring of sustain attributes (right branch)
Wands
 C - a wand of digging (4/24)
 J - a wand of teleportation (5/9)
 L - a wand of teleportation (9/9)
Scrolls
 e - 4 scrolls of remove curse
 m - a scroll of enchant weapon
 r - a scroll of teleportation
 z - a scroll of blinking
 O - a scroll of identify
Potions
 j - 2 potions of agility
 n - 6 potions of brilliance
 s - 2 potions of cure mutation
 v - 3 potions of might
 x - a potion of magic {unknown}
 B - 2 potions of flight
 E - a potion of beneficial mutation {unknown}
 F - a potion of resistance {unknown}
 G - a potion of degeneration {unknown}
 I - a potion of haste {unknown}
 K - a potion of heal wounds {unknown}
Comestibles
 f - 5 bread rations
 g - 10 fruits
 l - 5 meat rations
 o - 7 beef jerkies
 A - a royal jelly
 M - 4 chunks of flesh


   Skills:
 - Level 10.5 Fighting
 - Level 10.2 Long Blades
 - Level 2.0 Throwing
 + Level 9.9 Armour
 + Level 12.3 Dodging
 + Level 2.0 Invocations


You had 10 spell levels left.
You didn't know any spells.

Dungeon Overview and Level Annotations

Branches:
Dungeon (11/15)            Temple (1/1) D:6            Lair (0/6) D:10
    Orc: D:9-12

Altars:
Ashenzari
Cheibriados
Dithmenos
Elyvilon
Fedhas
Gozag
Hepliaklqana
Kikubaaqudgha
Makhleb
Nemelex Xobeh
Okawaru
Pakellas
Qazlal
Ru
Sif Muna
Trog
Uskayaw
Vehumet
Xom
Yredelemnul
Zin
The Shining One

Shops:
D:6 [


Innate Abilities, Weirdness & Mutations

((You reflexively headbutt those who attack you in melee.))
((You have a pair of large horns on your head.))
((You are partially covered in icy blue scales. (AC +2)))
((You are partially covered in molten scales. (AC +2)))
You are agile. (Dex +2)
You are weak. (Str -2)
((Your movements are slightly less encumbered by armour. (ER -2)))


Message History

The green ugly thing headbutts you but does no damage.
You slash the green ugly thing!
You kill the green ugly thing!
Okawaru accepts your kill.
You closely miss the green ugly thing.
The green ugly thing tail-slaps you but does no damage.
You slash the green ugly thing!
The green ugly thing is lightly wounded.
The green ugly thing tail-slaps you.
* * * LOW HITPOINT WARNING * * *
You are lethally poisoned!
The green ugly thing poisons you!
You barely miss the green ugly thing.
The green ugly thing is lightly wounded.
* * * LOW HITPOINT WARNING * * *
You feel very sick.
The green ugly thing tail-slaps you but does no damage.
You hit the green ugly thing.
The green ugly thing is lightly wounded.
You die...

### .. #.# ####.. y
#.# #%...#### .. #.#
....##.. ... #.# ...
#.# .... #.# ##.#
#.##..... #.##
#..###)....... #..#
##...♣uC%# #..##
#...###Y.# ##..##
#..#........
#...####........##...
#####.........######
... #.............#
.. #.....#.....### .
#........##....
##......####.### ..#


You could see a green ugly thing, a hill giant and a yak.

Vanquished Creatures
  Sonja (D:10)
  A hill giant (D:11)
  A cyclops (D:11)
  An ugly thing (D:11)
  3 trolls
  A shadow (D:10)
  16 yaks
  A hungry ghost (D:8)
  Menkaure (D:7)
  A soldier ant (D:10)
  A water moccasin (D:7)
  Duvessa (D:7)
  6 sky beasts
  4 orc warriors
  3 phantoms
  3 ice beasts (D:9)
  3 black bears
  3 ogres
  3 centaurs
  A crocodile (D:9)
  A big kobold (D:9)
  2 wyvern zombies
  4 giant frogs
  6 scorpions
  Dowan (D:7)
  7 killer bees
  3 wights (D:10)
  6 howler monkeys
  6 crimson imps
  3 quasits
  11 orc priests
  6 hounds
  4 jellies
  A giant frog skeleton (D:6)
  2 centaur skeletons
  11 orc wizards
  4 iguanas
  8 worker ants
  A killer bee zombie (D:5)
  A hound skeleton (D:8)
  A worker ant zombie (D:9)
  Robin (D:4)
  A howler monkey zombie (D:10)
  3 gnolls (D:6)
  12 adders
  3 shadow imps
  An ooze (D:1)
  5 worms
  2 dart slugs (D:1)
  11 giant geckos
  47 orcs
  5 giant cockroaches
  14 goblins
  10 hobgoblins
  13 jackals
  4 quokkas
  A ball python (D:3)
  10 bats
  A giant gecko skeleton (D:5)
  5 giant newts
  10 kobolds
  A quokka skeleton (D:5)
  9 rats
313 creatures vanquished.

Vanquished Creatures (others)
  An adder (D:3)
  2 fungi (D:6)
3 creatures vanquished.

Grand Total: 316 creatures vanquished

Notes
Turn   | Place    | Note
-------+----------+-------------------------------------------
     0 | D:1      | rageheart7 the Minotaur Gladiator began the quest for the Orb.
     0 | D:1      | Reached XP level 1. HP: 18/18 MP: 0/0
    73 | D:1      | Reached XP level 2. HP: 24/25 MP: 1/1
   347 | D:1      | Reached XP level 3. HP: 29/31 MP: 2/2
   684 | D:2      | Reached skill level 5 in Long Blades
  1164 | D:2      | Reached XP level 4. HP: 37/38 MP: 3/3
  1619 | D:2      | Found a deep blue altar of Sif Muna.
  1701 | D:3      | Reached XP level 5. HP: 32/46 MP: 4/4
  2511 | D:4      | Noticed a phantom
  2625 | D:4      | Reached XP level 6. HP: 37/53 MP: 5/5
  2999 | D:4      | Reached skill level 5 in Fighting
  3005 | D:4      | Reached XP level 7. HP: 32/61 MP: 6/6
  3159 | D:4      | Noticed Robin
  3174 | D:4      | Killed Robin
  3534 | D:5      | Entered Level 5 of the Dungeon
  4594 | D:6      | Found a staircase to the Ecumenical Temple.
  4605 | D:6      | Found Uraor's Armour Emporium.
  4625 | D:6      | Reached XP level 8. HP: 63/71 MP: 7/7
  4674 | Temple   | Entered the Ecumenical Temple
  4782 | Temple   | Became a worshipper of Warmaster Okawaru
  4857 | D:6      | Reached skill level 10 in Long Blades
  5040 | D:6      | Reached skill level 1 in Armour
  5069 | D:6      | Reached * piety under Okawaru
  5352 | D:6      | Reached skill level 4 in Dodging
  5569 | D:6      | Identified a scroll of acquirement
  5816 | D:7      | Noticed Menkaure
  6021 | D:7      | Reached XP level 9. HP: 74/84 MP: 8/8
  6026 | D:7      | Killed Menkaure
  6026 | D:7      | Reached ** piety under Okawaru
  6317 | D:7      | Reached skill level 10 in Fighting
  6403 | D:7      | Noticed Duvessa
  6403 | D:7      | Noticed Dowan
  6410 | D:7      | Killed Dowan
  6410 | D:7      | Reached skill level 5 in Dodging
  6413 | D:7      | Killed Duvessa
  6843 | D:8      | Found a sparkling altar of Nemelex Xobeh.
  6870 | D:8      | Found a hide-covered altar of Uskayaw.
  6963 | D:8      | Reached skill level 5 in Armour
  6963 | D:8      | Reached skill level 6 in Dodging
  6967 | D:8      | Gained mutation: Scrolls take you a little longer to read. [mutagenic meat]
  6970 | D:8      | Gained mutation: You are partially covered in molten scales. (AC +2) [mutagenic meat]
  6973 | D:8      | Gained mutation: You are agile. (Dex +2) [mutagenic meat]
  6976 | D:8      | Gained mutation: Your movements are slightly less encumbered by armour. (ER -2) [mutagenic meat]
  6998 | D:8      | Reached *** piety under Okawaru
  7333 | D:8      | Got a tiger eye-encrusted leather armour
  7344 | D:8      | Identified the +1 leather armour of Calculation {rElec Dex+4} (You found it on level 8 of the Dungeon)
  7443 | D:8      | Reached skill level 7 in Dodging
  7698 | D:9      | Reached XP level 10. HP: 85/94 MP: 9/9
  7737 | D:9      | Gained mutation: You are weak. (Str -2) [mutagenic meat]
  7740 | D:9      | Gained mutation: You have a pair of large horns on your head. [mutagenic meat]
  7749 | D:9      | Gained mutation: You are partially covered in icy blue scales. (AC +2) [mutagenic meat]
  7752 | D:9      | Lost mutation: Scrolls take you a little longer to read. [mutagenic meat]
  7968 | D:9      | Reached skill level 8 in Dodging
  7975 | D:9      | Reached **** piety under Okawaru
  8043 | D:9      | Reached skill level 9 in Dodging
  8044 | D:9      | Received a gift from Okawaru
  8104 | D:9      | Reached skill level 1 in Invocations
  8146 | D:9      | Reached skill level 10 in Dodging
  8278 | D:10     | Entered Level 10 of the Dungeon
  8391 | D:10     | Reached ***** piety under Okawaru
  8823 | D:10     | Reached XP level 11. HP: 101/101 MP: 10/10
  8968 | D:10     | Found a staircase to the Lair.
  8969 | D:10     | Noticed Sonja
  9292 | D:10     | Killed Sonja
  9292 | D:10     | Reached skill level 11 in Dodging
  9468 | D:11     | Noticed a hill giant
  9470 | D:11     | Killed a hill giant
  9619 | D:11     | Noticed a red ugly thing
  9620 | D:11     | Noticed a white ugly thing
  9634 | D:11     | Received a gift from Okawaru
  9635 | D:11     | Reached skill level 12 in Dodging
  9650 | D:11     | Noticed a hill giant
  9664 | D:11     | HP: 3/151 [acid (8)]
  9670 | D:11     | Killed a green ugly thing
  9672 | D:11     | HP: 4/151 [green ugly thing (1)]
  9673 | D:11     | HP: 1/151 [poisoned by a green ugly thing]
  9674 | D:11     | Succumbed to a green ugly thing's poison

Vault maps used:
D:1:      mrwooster_arrival_arrow
D:2:      first_bread, lemuel_blue_sif_altar
D:4:      uniq_robin
D:5:      st_stairs_12, kennysheep_boxes
D:6:      old_forge, serial_shops, shop_coins
D:7:      uniq_menkaure, uniq_duvessa
D:8:      eat_drink_and_be_merry_uskayaw, basic_altar
D:10:     lair_0_dummy, uniq_sonja
D:11:     david_orc_5, grunt_ministairs_15, the_bakery, uniq_nergalle
Temple:   kilobyte_greek_temple

Skill      XL: |  1  2  3  4  5  6  7  8  9 10 11 |
---------------+----------------------------------+-----
Long Blades    | 4 5 6 7 8 9 10 | 10.2
Fighting       | 3 4 5 6 9 10 | 10.5
Armour         | 3 6 9 |  9.9
Dodging        | 4 7 10 12 | 12.3
Invocations    | 1 2 |  2.0
Throwing       | |  2.0

Action                   |  1- 3 |  4- 6 |  7- 9 | 10-12 || total
-------------------------+-------+-------+-------+-------++-------
Melee: Long sword        |    88 |   143 |   193 |       ||   424
       Headbutt          |    11 |    21 |    82 |    51 ||   165
       Scimitar          |       |       |   176 |   259 ||   435
       Punch             |       |       |       |     2 ||     2
Invok: Heroism           |       |       |       |     4 ||     4
       Finesse           |       |       |       |     1 ||     1
  Use: Scroll            |       |    11 |    10 |     5 ||    26
       Potion            |       |     2 |       |     8 ||    10
 Stab: Sleeping          |       |       |       |     2 ||     2
  Eat: Chunk             |     1 |    23 |    32 |     6 ||    62
Armor: Leather armour    |    12 |    10 |     2 |    43 ||    67
       Ring mail         |       |    11 |    92 |       ||   103
       Crystal plate arm |       |       |     6 |       ||     6
       Skin              |       |       |       |    18 ||    18
Dodge: Dodged            |    45 |    67 |   192 |   160 ||   464
